 Dungeon Crawl Stone Soup version 0.29-a0-559-g359e09b9d1 (webtiles) character file.

Game seed: 2213972792384326643

3945 dolemite99 the Destroyer (level 10, -1/82 (84) HPs)
             Began as a Meteoran Earth Elementalist on June 9, 2022.
             Was an Initiate of Yredelemnul.
             Slain by a wolf (9 damage)
             ... led by Grum
             ... on level 9 of the Dungeon.
             The game lasted 00:10:41 (5515 turns).

dolemite99 the Destroyer (MeEE)                     Turns: 5515, Time: 00:10:42

HP:   -1/82 (84)    AC:  5    Str:  9    XL:     10   Next: 72%
MP:   12/15         EV: 12    Int: 22    God:    Yredelemnul [......]
Gold: 70            SH:  0    Dex: 15    Spells: 8/14 levels left

rFire   . . .      SeeInvis .   b - +1 hand crossbow (freeze)
rCold   . . .      Faith    .   (no shield)
rNeg    . . .      Spirit   .   z - +0 robe
rPois   .          Reflect  .   (no helmet)
rElec   .          Harm     .   d - +1 cloak
rCorr   .          Rampage  .   (no gloves)
Will    +....                   x - +0 pair of boots
Stlth   +.........              (no amulet)
HPRegen 0.23/turn               (no ring)
MPRegen 0.14/turn               (no ring)

@: glowing, lightly drained
A: sense surroundings 2, otherworldly, glowing, explore regen
a: Renounce Religion, Recall Undead Harvest


You were on level 9 of the Dungeon.
You worshipped Yredelemnul.
Yredelemnul was noncommittal.
You visited 1 branch of the dungeon, and saw 10 of its levels.

You collected 342 gold pieces.
You spent 272 gold pieces at shops.

Inventory:

Hand Weapons
 a - the +8 short sword "Noluerpha" {pain, Dex+4}
   (You found it on level 5 of the Dungeon)

   In the hands of one skilled in necromantic magic, it inflicts extra damage on
   living creatures.
   Dex:       It affects your dexterity (+4).
 b - a +1 hand crossbow of freezing (weapon)
 f - a +0 dagger
 h - a +0 mace
 m - a +0 hunting sling
 q - a +0 quarterstaff
 B - a +2 whip of freezing
 E - a +0 lajatang
 F - a +1 spear of freezing
 M - a +2 spear of flaming
Missiles
 v - 6 poisoned darts
 y - 60 stones
 H - a throwing net
Armour
 d - a +1 cloak (worn)
 o - the +1 ring mail of Anyr Kei {rC++ rN+}
   (You found it on level 4 of the Dungeon)

   rC:        It greatly protects you from cold.
   rN:        It protects you from negative energy.
 s - a +1 robe of willpower
 x - a +0 pair of boots (worn)
 z - a +0 robe (worn)
 G - a +0 cloak
Jewellery
 l - a ring of wizardry
 p - a ring of protection from fire
Wands
 A - a wand of polymorph (8)
 I - a wand of paralysis (5)
Scrolls
 i - 4 scrolls of teleportation
 n - a scroll of noise
 r - a scroll of immolation
 u - a scroll of blinking
 D - a scroll of amnesia
 L - a scroll of identify {@r1}
Potions
 c - a potion of degeneration {unknown}
 e - 4 potions of brilliance
 g - 3 potions of might
 j - a potion of attraction
 k - 5 potions of curing
 t - 3 potions of flight {unknown}
 w - a potion of invisibility {unknown}
 C - 2 potions of lignification {unknown}
 J - a potion of haste {unknown}
 K - a potion of cancellation {unknown}


   Skills:
 - Level 6.6 Fighting
 - Level 5.4 Short Blades
 - Level 6.8 Crossbows
 - Level 2.4 Dodging
 - Level 1.4 Stealth
 - Level 2.6 Spellcasting
 - Level 8.0 Conjurations
 - Level 1.2 Transmutations
 - Level 6.2 Earth Magic
 + Level 7.4 Evocations


You had 8 spell levels left.
You knew the following spells:

 Your Spells              Type           Power      Damage    Failure   Level
a - Stone Arrow           Conj/Erth      68%        3d11      1%          3
b - Sandblast             Erth           60%        2d14      1%          1
c - Passwall              Tmut/Erth      15%        N/A       4%          2

Your spell library contained the following spells:

 Spells                   Type           Power      Damage    Failure   Level
 Magic Dart               Conj           100%       1d8       1%          1
 Summon Small Mammal      Summ           8%         N/A       13%         1
 Mephitic Cloud           Conj/Pois/Air  14%        N/A       13%         3
 Call Imp                 Summ           2%         N/A       19%         2
 Petrify                  Tmut/Erth      19%        N/A       28%         4
 Call Canine Familiar     Summ           2%         N/A       36%         3
 Summon Guardian Golem    Hex/Summ       2%         N/A       36%         3
 Borgnjor's Vile Clutch   Necr/Erth      8%         N/A       69%         5
 Alistair's Intoxication  Tmut/Pois      3%         N/A       95%         5
 Eringya's Noxious Bog    Tmut/Pois      2%         N/A       100%        6


Dungeon Overview and Level Annotations

Branches:
Dungeon (10/15)            Temple (0/1) D:4
   Lair: D:8-11         Orc: D:9-12

Altars:
Gozag
Qazlal
Yredelemnul

Shops:
D:7 !:

Annotations:
D:4 3 runed translucent doors, MechDurjaeses's ghost, amateur GnGl
D:5 Menkaure
D:10 Grum


Innate Abilities, Weirdness & Mutations

You passively map the area around you.
You are easily found by Zot.
You glow in the dark.
You regain HP and MP as you explore.


Message History

Casting: Sandblast (safe; 1% risk of failure)
Confirm with . or Enter, or press ? or * to list all spells.
Aiming: Sandblast (safe; 1% risk of failure)
Press: ? - help, Shift-Dir - straight line, f - wolf
Aim: a wolf (70% to hit)
The blast of sand hits the wolf.
The wolf is moderately wounded.
y - 62 stones The wolf barely misses you.
Grum hits you from afar with a +1 spear.
The wolf bites you. x2; The wolf barely misses you.
The wolf bites you! The wolf barely misses you. The wolf bites you.
Grum hits you from afar with a +1 spear!
You climb upwards.
There is a stone staircase leading down here.
Casting: Sandblast (safe; 1% risk of failure)
Confirm with . or Enter, or press ? or * to list all spells.
Aiming: Sandblast (safe; 1% risk of failure)
Press: ? - help, Shift-Dir - straight line, f - wolf
Aim: a wolf (moderately wounded, 70% to hit)
The blast of sand misses the wolf.
y - 61 stones The wolf bites you. x2; The wolf bites you!
The wolf bites you.
* * * LOW HITPOINT WARNING * * *
Casting: Sandblast (safe; 1% risk of failure)
Confirm with . or Enter, or press ? or * to list all spells.
Aiming: Sandblast (safe; 1% risk of failure)
Press: ? - help, Shift-Dir - straight line, f/p - wolf
Aim: a wolf (moderately wounded, 70% to hit)
The blast of sand hits the wolf.
The wolf is heavily wounded.
y - 60 stones The wolf bites you but does no damage.
The wolf closely misses you. The wolf bites you!
* * * LOW HITPOINT WARNING * * *
The wolf bites you but does no damage. The wolf bites you!
* * * LOW HITPOINT WARNING * * *
The wolf bites you!
You die...
Your body rises from the dead as a mindless zombie.

.....#####.......###....'........
.........#...........####........
.....###.........##### #........
.....# ###.......# #########
#.#### #.......# ##. #.#
###.##### #.. #.# #...# ** #Z#
..# #####'### , , .z. '#####
#.....h@# #### .....#####.#####h#
, , * ...>.'...'.....#h# , ,
.....#####.#####.# , ,, ....>#
#.# ..# , , .....# ### *#.# * + *
.....# #.# * , .....# #.+ , * ,
,, ##+### * *,, *


You could see 3 wolves.

Vanquished Creatures
  A two-headed ogre (D:9)
  Pikel (D:7)
  A hornet (D:8)
  A shadow (D:9)
  A wyvern (D:8)
  2 steam dragons
  A water moccasin (D:5)
  An orc warrior (D:8)
  A sky beast (D:8)
  An ogre (D:5)
  A centaur (D:5)
  2 lemures (D:7)
  A kobold brigand (D:7)
  3 bullfrogs
  A scorpion (D:6)
  4 wights (D:9)
  A howler monkey (D:5)
  2 hounds
  2 jellies (D:7)
  8 orc priests
  Crazy Yiuf (D:6)
  Jessica (D:2)
  2 orc wizards (D:8)
  5 gnolls
  7 adders
  A shadow imp (D:5)
  2 white imps
  5 dart slugs
  9 orcs
  4 bats
  7 endoplasms
  3 giant cockroaches
  4 goblins
  7 hobgoblins
  A quokka (D:1)
  8 ball pythons
  3 frilled lizards (D:1)
  10 kobolds
  9 rats
125 creatures vanquished.

Vanquished Creatures (collateral kills)
  A wyvern (D:8)
  A steam dragon (D:8)
  A water moccasin (D:7)
  An ice beast (D:8)
  An orc priest (D:8)
  An orc wizard (D:8)
  A quokka (D:4)
7 creatures vanquished.

Vanquished Creatures (others)
  A wyvern zombie (D:8)
  A centaur zombie (D:5)
  A bullfrog zombie (D:7)
  An ogre zombie (D:5)
  A steam dragon zombie (D:8)
  A spectral shadow imp (D:5)
  A gnoll zombie (D:6)
  4 kobold zombies (D:7)
  4 orc zombies
15 creatures vanquished.

Grand Total: 147 creatures vanquished

Notes
Turn   | Place    | Note
-------+----------+-------------------------------------------
     0 | D:1      | dolemite99 the Meteoran Earth Elementalist began the quest
                  | for the Orb.
     0 | D:1      | Reached XP level 1. HP: 14/14 MP: 5/5
    56 | D:1      | Reached XP level 2. HP: 17/20 MP: 2/6
    64 | D:1      | Learned a level 2 spell: Passwall
   275 | D:1      | Reached XP level 3. HP: 26/26 MP: 6/8
   339 | D:1      | Reached skill level 5 in Earth Magic
   493 | D:1      | Glimpsed the power of Zot.
   543 | D:1      | Glimpsed the power of Zot.
   583 | D:1      | Glimpsed the power of Zot.
   592 | D:1      | Touched by the power of Zot.
   783 | D:2      | Learned a level 3 spell: Stone Arrow
  1087 | D:2      | Reached XP level 4. HP: 23/24 MP: 9/9
  1251 | D:2      | Noticed Jessica
  1267 | D:2      | Killed Jessica
  1268 | D:2      | Reached XP level 5. HP: 13/33 MP: 1/10
  1289 | D:2      | Glimpsed the power of Zot.
  1352 | D:3      | Reached skill level 2 in Conjurations
  1526 | D:2      | Found a basalt altar of Yredelemnul.
  1551 | D:2      | Became a worshipper of Yredelemnul the Dark
  1889 | D:2      | Glimpsed the power of Zot.
  1926 | D:4      | Reached skill level 3 in Conjurations
  1985 | D:3      | Reached XP level 6. HP: 45/45 MP: 9/11
  2019 | D:4      | Found a staircase to the Ecumenical Temple.
  2033 | D:4      | Reached * piety under Yredelemnul
  2034 | D:4      | Reached skill level 4 in Conjurations
  2109 | D:4      | Identified the +1 ring mail of Anyr Kei {rC++ rN+}
  2297 | D:4      | Found a runed translucent gate.
  2297 | D:4      | Found a runed translucent gate.
  2297 | D:4      | Found an opulent altar of Gozag.
  2297 | D:4      | Found a runed translucent gate.
  2300 | D:4      | Noticed MechDurjaeses's ghost (amateur GnGl)
  2472 | D:5      | Entered Level 5 of the Dungeon
  2524 | D:5      | Noticed a water moccasin
  2526 | D:5      | Killed a water moccasin
  2527 | D:5      | Reached skill level 5 in Conjurations
  2527 | D:5      | Reached XP level 7. HP: 50/50 MP: 2/12
  2584 | D:5      | Reached skill level 6 in Conjurations
  2584 | D:5      | Noticed Menkaure
  2805 | D:5      | Reached skill level 7 in Conjurations
  2873 | D:5      | Identified the +8 short sword "Noluerpha" {pain, Dex+4}
  2923 | D:5      | Reached XP level 8. HP: 38/57 MP: 0/13
  2981 | D:5      | Reached skill level 8 in Conjurations
  2983 | D:5      | Found a stormy altar of Qazlal.
  2984 | D:5      | Noticed an air elemental
  2984 | D:5      | Noticed a fire elemental
  2984 | D:5      | Noticed a water elemental
  3138 | D:6      | Reached skill level 1 in Short Blades
  3519 | D:6      | Found a runed translucent door.
  3520 | D:6      | Noticed Crazy Yiuf
  3525 | D:6      | Killed Crazy Yiuf
  3618 | D:6      | Noticed a steam dragon
  3624 | D:6      | Killed a steam dragon
  3688 | D:6      | Glimpsed the power of Zot.
  3950 | D:7      | Reached skill level 5 in Short Blades
  4068 | D:7      | Noticed Pikel
  4077 | D:7      | Killed Pikel
  4078 | D:7      | Reached skill level 5 in Crossbows
  4078 | D:7      | Gained mutation: You passively map the area around you.
                  | [Meteoran growth]
  4078 | D:7      | Reached XP level 9. HP: 34/62 MP: 7/14
  4166 | D:7      | Reached ** piety under Yredelemnul
  4238 | D:7      | Found Onaxary's Book Shop.
  4243 | D:7      | Bought a book of Minor Magic for 216 gold pieces
  4441 | D:8      | Reached XP level 10. HP: 50/80 MP: 10/15
  4467 | D:8      | Reached skill level 5 in Fighting
  4688 | D:7      | Found Miffuoczi's Distillery.
  4693 | D:7      | Bought a potion of might for 56 gold pieces
  5085 | D:9      | Noticed a two-headed ogre
  5089 | D:9      | Killed a two-headed ogre
  5485 | D:9      | Glimpsed the power of Zot.
  5509 | D:10     | Entered Level 10 of the Dungeon
  5509 | D:10     | Noticed Grum
  5515 | D:9      | Slain by a wolf

Illustrated notes

Levels and vault maps discovered:
D:1:      amcnicky_arrival_blooded_trapdoor, layout_basic, due_unseen_surprise
D:2:      layout_basic, basic_altar, kennysheep_generic_room_6, uniq_jessica
D:3:      layout_rooms, minmay_misc_feat_nine_boxes, kennysheep_generic_room_5
D:4:      layout_rooms, minmay_temple_entry_statues_pillars,
          ebering_ghost_gozag, roderic_serpentine_path
D:5:      layout_loops_corners, nicolae_qazlal_style_of_elements,
          ebering_ghost_rock_garden, uniq_ijyb, uniq_grinder, uniq_menkaure,
          uniq_blork_the_orc
D:6:      layout_basic, minmay_strange_pillars, kennysheep_nub,
          uniq_crazy_yiuf_cottage
D:7:      layout_rooms, serial_shops, nicolae_shop_trees, nicolae_shop_trees,
          shop_statue, minmay_hedge_maze, uniq_pikel
D:8:      layout_basic, roderic_roman_lattice
D:9:      layout_roguey, david_lair_shrubbed, kennysheep_generic_room_7
D:10:     layout_layer_cave, minmay_rotating_lava, uniq_grum

Skill      XL: |  1  2  3  4  5  6  7  8  9 10 |
---------------+-------------------------------+-----
Earth Magic    | 4 5 6 |  6.2
Conjurations   | 3 5 7 8 |  8.0
Short Blades   | 5 |  5.4
Crossbows      | 5 6 |  6.8
Fighting       | 4 6 |  6.6
Evocations     | 7 |  7.4
Dodging        | |  2.4
Stealth        | |  1.4
Spellcasting   | |  2.6
Transmutations | |  1.2

Action                   |  1- 3 |  4- 6 |  7- 9 | 10-12 || total
-------------------------+-------+-------+-------+-------++-------
Melee: Dagger            |       |    16 |     1 |       ||    17
       Short sword       |       |       |    24 |       ||    24
 Fire: Hunting sling     |    25 |       |       |       ||    25
       Hand crossbow     |       |       |     7 |     7 ||    14
 Cast: Sandblast         |    31 |    23 |    48 |    35 ||   137
       Stone Arrow       |       |    24 |    28 |     9 ||    61
Evoke: Wand              |       |       |       |     6 ||     6
  Use: Potion            |       |     1 |       |     1 ||     2
       Scroll            |       |     4 |     8 |     4 ||    16
Armor: Robe              |     7 |       |     7 |     6 ||    20
Dodge: Dodged            |    10 |    31 |    43 |    19 ||   103

Table legend: (Time is in decaauts)
 A = Elapsed time spent in this place.
 B = Non-inter-level travel time spent in this place.
 C = Inter-level travel time spent in this place.
 D = Time resting spent in this place.
 E = Time spent auto-exploring this place.
 F = Levels seen in this place.
 G = Mean time per level.
                   A        B        C        D        E       F      G
               +--------+--------+--------+--------+--------+-----+--------+
         Total |   5529 |   5256 |    273 |   1469 |   2524 |  10 |  552.9 |
       Dungeon |   5529 |   5256 |    273 |   1469 |   2524 |  10 |  552.9 |
               +--------+--------+--------+--------+--------+-----+--------+

Top non-repeatable levels by time:
     D:2: 1173 daAuts
     D:6: 698 daAuts
     D:9: 679 daAuts
     D:7: 646 daAuts
     D:1: 605 daAuts
     D:5: 546 daAuts
     D:4: 488 daAuts
     D:8: 472 daAuts
     D:3: 215 daAuts
    D:10: 2 daAuts
